General information
- name: BNet
- type: Ladder team game (AT/RT)
- host: Battle.net
- saver: TALONSAREIMBA
map: BloodstoneMesa
- players: 6
- length: 17:32
- speed: Fast
- version: 1.24 W3XP
- replay type: Public
» download(86 KB)
Players
team 1 (loser)
CoLeGePaRtYeR17 (
red | 111 APM | 1945 actions | 17:32)
3 Archmage
2 Summon Water Elemental
1 Brilliance Aura
2 Mountain King
1 Storm Bolt
1 Bash
» actions
| Assign group hotkey | 49 | |
| Basic commands | 82 | |
| Build / train | 60 | |
| ESC pressed | 3 | |
| Enter build submenu | 21 | |
| Enter hero's abilities submenu | 5 | |
| Right click | 918 | |
| Select / deselect | 499 | |
| Select group hotkey | 222 | |
| Use ability | 86 | |
1945 total
» units
| Peasant | 9 | |
| Footman | 19 | |
| Priest | 3 | |
| Sorceress | 2 | |
| Spell Breaker | 5 | |
38 total
» upgrades
| Swords | 2 | |
| Plating | 2 | |
| Defend | 1 | |
| Sorceress Training | 1 | |
| Magic Sentry | 1 | |
| Priest Training | 1 | |
| Masonry | 1 | |
9 total
» buildings
| Altar of Kings | 1 | |
| Barracks | 1 | |
| Farm | 9 | |
| Scout Tower | 1 | |
| Arcane Tower | 1 | |
| Arcane Vault | 1 | |
| Keep | 1 | |
| Lumber Mill | 1 | |
| Blacksmith | 1 | |
| Arcane Sanctum | 2 | |
19 total
» build order
00:05 Altar of Kings
00:11 Barracks
00:48 Farm
00:54 Farm
01:52 Scout Tower
02:07 Farm
02:23 Arcane Tower
02:25 Farm
03:07 Arcane Vault
03:18 Farm
03:55 Keep
04:35 Farm
05:04 Farm
06:00 Lumber Mill
06:04 Blacksmith
07:31 Arcane Sanctum
07:34 Arcane Sanctum
15:53 Farm
17:08 Farm
» items
| Scroll of Regeneration | 2 | |
| Lesser Clarity Potion | 1 | |
| Scroll of Town Portal | 1 | |
4 total
TALONSAREIMBA (
teal | 115 APM | 2019 actions | 17:32)
4 Tauren Chieftain
2 War Stomp
2 Endurance Aura
2 Shadow Hunter
1 Hex
1 Healing Wave
» actions
| Assign group hotkey | 26 | |
| Basic commands | 121 | |
| Build / train | 56 | |
| Enter build submenu | 13 | |
| Enter hero's abilities submenu | 6 | |
| Right click | 1012 | |
| Select / deselect | 447 | |
| Select group hotkey | 269 | |
| Use ability | 69 | |
2019 total
» units
| Peon | 10 | |
| Troll Headhunter/Berserker | 16 | |
| Wind Rider | 4 | |
30 total
» upgrades
| Ranged Weapons | 2 | |
| Armor | 1 | |
| Berserker Upgrade | 1 | |
| Envenomed Spears | 1 | |
5 total
» buildings
| Altar of Storms | 1 | |
| Orc Burrow | 5 | |
| War Mill | 1 | |
| Barracks | 1 | |
| Voodoo Lounge | 1 | |
| Stronghold | 1 | |
| Great Hall | 1 | |
| Fortress | 1 | |
| Beastiary | 2 | |
14 total
» build order
00:05 Altar of Storms
00:06 Orc Burrow
00:25 War Mill
01:14 Barracks
01:51 Orc Burrow
02:11 Voodoo Lounge
04:22 Stronghold
04:48 Orc Burrow
05:53 Orc Burrow
06:44 Great Hall
07:37 Fortress
12:03 Beastiary
12:04 Beastiary
15:48 Orc Burrow
» items
| Healing Salve | 4 | |
| Lesser Clarity Potion | 2 | |
| Potion of Healing | 2 | |
| Potion of Mana | 1 | |
| Scroll of Town Portal | 2 | |
11 total

»
yeahshesassbats (
green | 94 APM | 1643 actions | 17:32)
3 Death Knight
2 Death Coil
1 Unholy Aura
2 Lich
1 Frost Nova
1 Dark Ritual
1 Crypt Lord
1 Impale
» actions
| Assign group hotkey | 75 | |
| Basic commands | 2 | |
| Build / train | 43 | |
| Enter build submenu | 13 | |
| Enter hero's abilities submenu | 6 | |
| Give item / drop item | 1 | |
| Right click | 705 | |
| Select / deselect | 247 | |
| Select group hotkey | 472 | |
| Use ability | 78 | |
1643 total
» units
| Acolyte | 2 | |
| Ghoul | 2 | |
| Crypt Fiend | 12 | |
| Obsidian Statue | 5 | |
21 total
» upgrades
| Web | 1 | |
| Destroyer Form | 1 | |
| Creature Attack | 1 | |
3 total
» buildings
| Crypt | 1 | |
| Graveyard | 1 | |
| Altar of Darkness | 1 | |
| Ziggurat | 6 | |
| Tomb of Relics | 1 | |
| Halls of the Dead | 1 | |
| Black Citadel | 1 | |
| Slaughterhouse | 1 | |
| Nerubian Tower | 1 | |
14 total
» build order
00:08 Crypt
00:19 Graveyard
00:41 Altar of Darkness
00:58 Ziggurat
01:01 Ziggurat
01:41 Tomb of Relics
02:29 Ziggurat
04:03 Halls of the Dead
05:50 Ziggurat
06:36 Ziggurat
07:13 Black Citadel
07:44 Slaughterhouse
09:17 Nerubian Tower
09:52 Ziggurat
» items
| Rod of Necromancy | 2 | |
| Potion of Mana | 1 | |
| Orb of Corruption | 1 | |
| Scroll of Town Portal | 2 | |
6 total
team 2 (winner)
coricidin (
blue | 189 APM | 3315 actions | 17:32)
3 Keeper of the Grove
2 Entangling Roots
1 Thorns Aura
2 Naga Sea Witch
1 Frost Arrows
1 Forked Lightning
» actions
| Assign group hotkey | 44 | |
| Build / train | 58 | |
| ESC pressed | 2 | |
| Enter build submenu | 20 | |
| Enter hero's abilities submenu | 6 | |
| Give item / drop item | 1 | |
| Right click | 1476 | |
| Select / deselect | 471 | |
| Select group hotkey | 1133 | |
| Use ability | 104 | |
3315 total
» units
| Wisp | 16 | |
| Huntress | 9 | |
| Faerie Dragon | 7 | |
| Druid of the Talon | 1 | |
| Glaive Thrower | 2 | |
| Hippogryph | 3 | |
38 total
» upgrades
| Strength of the Wild | 2 | |
| Ultravision | 1 | |
| Sentinel | 1 | |
| Vorpal Blades | 1 | |
5 total
» buildings
| Altar of Elders | 1 | |
| Moon Well | 6 | |
| Hunter's Hall | 1 | |
| Ancient of War | 2 | |
| Ancient Protector | 2 | |
| Tree of Ages | 2 | |
| Ancient of Wind | 1 | |
| Ancient of Wonders | 1 | |
| Ancient of Lore | 1 | |
17 total
» build order
00:06 Altar of Elders
00:17 Moon Well
01:35 Moon Well
01:42 Hunter's Hall
01:52 Ancient of War
02:10 Moon Well
02:39 Ancient of War
02:50 Moon Well
05:18 Moon Well
05:27 Ancient Protector
05:54 Ancient Protector
06:27 Tree of Ages
06:27 Tree of Ages
07:46 Moon Well
09:39 Ancient of Wind
10:50 Ancient of Wonders
15:41 Ancient of Lore
» items
| Scroll of Town Portal | 2 | |
| Orb of Corruption | 1 | |
3 total
lvliss.l3liss (
orange | 93 APM | 1638 actions | 17:32)
5 Death Knight
3 Death Coil
2 Unholy Aura
3 Lich
2 Frost Nova
1 Frost Armor
3 Crypt Lord
2 Impale
1 Spiked Carapace
» actions
| Assign group hotkey | 44 | |
| Basic commands | 269 | |
| Build / train | 55 | |
| Enter build submenu | 15 | |
| Enter hero's abilities submenu | 11 | |
| Give item / drop item | 3 | |
| Right click | 927 | |
| Select / deselect | 141 | |
| Select group hotkey | 85 | |
| Use ability | 88 | |
1638 total
» units
| Acolyte | 2 | |
| Ghoul | 2 | |
| Crypt Fiend | 6 | |
| Obsidian Statue | 3 | |
| Frost Wyrm | 7 | |
20 total
» upgrades
| Creature Attack | 2 | |
| Creature Carapace | 2 | |
| Destroyer Form | 1 | |
| Web | 1 | |
6 total
» buildings
| Graveyard | 1 | |
| Crypt | 1 | |
| Altar of Darkness | 1 | |
| Ziggurat | 7 | |
| Tomb of Relics | 1 | |
| Nerubian Tower | 1 | |
| Halls of the Dead | 1 | |
| Black Citadel | 1 | |
| Slaughterhouse | 1 | |
| Sacrificial Pit | 1 | |
| Boneyard | 1 | |
17 total
» build order
00:16 Graveyard
00:23 Crypt
00:31 Altar of Darkness
00:47 Ziggurat
00:55 Tomb of Relics
01:11 Ziggurat
01:42 Nerubian Tower
03:43 Ziggurat
04:17 Halls of the Dead
05:44 Ziggurat
06:44 Black Citadel
07:06 Slaughterhouse
08:58 Ziggurat
09:00 Ziggurat
09:02 Sacrificial Pit
09:35 Ziggurat
10:20 Boneyard
» items
| Rod of Necromancy | 5 | |
| Orb of Corruption | 1 | |
| Scroll of Town Portal | 1 | |
7 total
P1T-L0RD (
purple | 74 APM | 1300 actions | 17:32)
5 Archmage
3 Summon Water Elemental
2 Brilliance Aura
4 Mountain King
2 Storm Bolt
2 Bash
2 Paladin
1 Divine Shield
1 Holy Light
» actions
| Assign group hotkey | 95 | |
| Basic commands | 49 | |
| Build / train | 91 | |
| Enter build submenu | 30 | |
| Enter hero's abilities submenu | 11 | |
| Give item / drop item | 2 | |
| Remove unit from queue | 1 | |
| Right click | 514 | |
| Select / deselect | 328 | |
| Select group hotkey | 100 | |
| Use ability | 79 | |
1300 total
» units
| Peasant | 16 | |
| Footman | 18 | |
| Priest | 5 | |
| Mortar Team | 4 | |
| Rifleman | 1 | |
| Knight | 6 | |
| Spell Breaker | 4 | |
54 total
» upgrades
| Masonry | 1 | |
| Lumber Harvesting | 2 | |
| Plating | 2 | |
| Animal War Training | 1 | |
| Priest Training | 2 | |
| Fragmentation Shards | 1 | |
| Gunpowder | 1 | |
10 total
» buildings
| Farm | 10 | |
| Altar of Kings | 1 | |
| Barracks | 1 | |
| Scout Tower | 4 | |
| Arcane Tower | 1 | |
| Lumber Mill | 1 | |
| Arcane Vault | 2 | |
| Keep | 1 | |
| Guard Tower | 3 | |
| Town Hall | 1 | |
| Blacksmith | 1 | |
| Arcane Sanctum | 1 | |
| Castle | 1 | |
| Workshop | 1 | |
29 total
» build order
00:12 Farm
00:15 Altar of Kings
00:31 Barracks
00:49 Farm
01:41 Scout Tower
01:47 Scout Tower
01:55 Farm
02:14 Arcane Tower
02:51 Farm
02:58 Farm
03:10 Lumber Mill
04:11 Arcane Vault
04:24 Keep
04:51 Guard Tower
04:51 Guard Tower
05:41 Farm
06:00 Town Hall
07:40 Scout Tower
07:41 Scout Tower
09:11 Guard Tower
09:29 Blacksmith
09:33 Arcane Sanctum
10:25 Castle
10:50 Farm
10:51 Farm
11:08 Workshop
12:37 Arcane Vault
12:57 Farm
13:01 Farm
» items
| Scroll of Regeneration | 1 | |
| Potion of Healing | 2 | |
| Scroll of Town Portal | 1 | |
4 total
Chat log
(00:48 / Allies) yeahshesassbats: ITS TAKES SUPER MICRO
(00:50 / Allies) yeahshesassbats: AND TONS OF SKILL
(01:05 / Allies) yeahshesassbats: IT RAPES PROTOCOCK
(01:15 / Allies) yeahshesassbats: SO
(01:18 / Allies) yeahshesassbats: VS ELF AS UD
(01:22 / Allies) yeahshesassbats: U GO DK
(01:26 / Allies) yeahshesassbats: NAGA 2ND IF THEY GET A NAGA
(01:27 / Allies) TALONSAREIMBA: eurovision rapes everything
(01:34 / Allies) yeahshesassbats: CAUSE IF U DONT THEY HAVE MAP CONTRL
(03:25 / All) TALONSAREIMBA: 10 bucks u still lose
(03:29 / All) TALONSAREIMBA: for trying that hard blue
(03:33 / All) coricidin: lol
(03:34 / All) coricidin: Im hihg
(03:37 / All) coricidin: and emienem
(03:39 / All) coricidin: got new music
(03:40 / All) coricidin: out
(03:41 / All) coricidin: re
(03:43 / All) coricidin: Relax papi
(05:29 / All) TALONSAREIMBA: bad
(14:25 / All) P1T-L0RD: U KIDS ARE BAD
(14:34 / All) P1T-L0RD: LMAO
(14:49 / All) P1T-L0RD: PLZ
(15:21 / All) P1T-L0RD: good buy back teal
(15:25 / All) TALONSAREIMBA: i have 4k gold
(15:27 / All) TALONSAREIMBA: what did you expect
(15:30 / All) P1T-L0RD: id hope so
(15:32 / All) P1T-L0RD: noob shit
(15:34 / All) TALONSAREIMBA: the gold aint gonna spenditself
(15:49 / All) lvliss.l3liss: Lend me some
(15:50 / All) lvliss.l3liss: <3